 Dungeon Crawl Stone Soup version 0.31-a0-431-g88bdf31460 (webtiles) character file.

Game seed: 11708547161946258616

247 LeprechaunX the Ruffian (level 6, -2/61 HPs)
             Began as an Octopode Shapeshifter on Aug 1, 2023.
             Slain by a gnoll
             ... wielding a +0 whip
             ... led by a gnoll bouda
              (3 damage)
             ... on level 4 of the Dungeon.
             The game lasted 00:03:53 (2328 turns).

LeprechaunX the Ruffian (Octopode Shapeshifter)     Turns: 2328, Time: 00:03:53

Health: -2/61      AC: 23    Str: 17    XL:     6   Next: 11%
Magic:  6/6        EV:  2    Int: 10    God:
Gold:   146        SH:  0    Dex: 18    Spells: 5/5 levels left

rFire   . .          .
                       - Unarmed
rCold   . . .        (no shield)
rNeg    . . .        (helmet currently unavailable)
rPois   +            (no amulet)
rElec   .            h - +6 ring of dexterity
rCorr   .            (no ring)
SInv    .            (no ring)
Will    .....        (no ring)
Stlth   ++           (no ring)
HPRegen 0.30/turn    (no ring)
MPRegen 0.10/turn    (no ring)
                     (no ring)

%: no passive effects
@: tree-form
A: stationary, stasis, torment immunity, boosted hp, almost no armour,
(amphibious), 8 rings, (camouflage 1), (gelatinous body 1), (nimble swimmer 1),
(tentacles)
a: no special abilities


You were on level 4 of the Dungeon.
You were a tree.
You visited 1 branch of the dungeon, and saw 4 of its levels.

You collected 146 gold pieces.

Inventory:

Hand Weapons
 a - a +0 sling
Jewellery
 h - a +6 ring of dexterity (left branch)
Talismans
 b - a beast talisman
Scrolls
 c - 3 scrolls of identify {unknown}
 d - 2 scrolls of teleportation {unknown}
 g - 3 scrolls of noise {unknown}
 i - a scroll of immolation {unknown}
 j - a scroll of enchant armour {unknown}
 m - a scroll of silence {unknown}
Potions
 e - a potion of might {unknown}
 k - 2 potions of haste {unknown}
 l - a potion of attraction {unknown}
 n - 3 potions of heal wounds {unknown}


   Skills:
 + Level 2.6 Fighting
 + Level 3.2 Dodging
 * Level 4.7 Unarmed Combat
 + Level 3.7 Shapeshifting


You had 5 spell levels left.
You didn't know any spells.
Your spell library contained the following spells:

 Spells                   Type           Power      Damage    Failure   Level
 Stone Arrow              Conj/Erth      0%         3d7       75%         3
 Lehudib's Crystal Spear  Conj/Erth      0%         10d2      100%        8
 Animate Armour           Summ/Erth      Unusable   N/A       N/A         4

Dungeon Overview and Level Annotations

Branches:
Dungeon (4/15)
 Temple: D:4-7

Altars:
Makhleb

Shops:
D:1 [

Annotations:
D:4 3 runed translucent doors, pigah's ghost, amateur OpSh


Innate Abilities, Weirdness & Mutations

You are a tree.
Your roots penetrate the ground, keeping you stationary.
You cannot be teleported.
You are immune to unholy pain and torment.
Your maximum health is greatly increased.
You cannot wear most types of armour.
((You are amphibious.))
You can wear up to eight rings at the same time.
((Your skin changes colour to match your surroundings (Stealth+).))
((Your rubbery body absorbs attacks. (AC +1, EV +1)))
((You are camouflaged when in or above water. (Stealth+)))
((You have tentacles for arms and can constrict up to eight enemies at once.))


Message History

Found 2 stones. 2 gnolls come into view.
Found a stone staircase leading down.
A gnoll comes into view. It is wielding a +0 whip.
Found 5 stones.
A gnoll bouda and a gnoll come into view.
The gnoll completely misses you.
You bludgeon the gnoll! Your grab misses the gnoll.
The gnoll is severely wounded.
The gnoll shouts! x2; You hear a shout!
Unknown command.
You bludgeon the gnoll!
You kill the gnoll!
Unknown command.
The gnoll bouda barks out a call to the hunt!
The gnolls pick up the pace!
You hear a shout!
You tentacle-slap the gnoll. You grab the gnoll.
The gnoll is lightly wounded.
You constrict the gnoll. The gnoll hits you with a +0 whip!
* * * LOW HITPOINT WARNING * * *
The gnoll hits you with a +0 whip.
* * * LOW HITPOINT WARNING * * *
Unknown command.
Really quaff the potion of lignification?
Your transformation has ended.
You turn into a tree.
Your roots penetrate the ground.
You lose your grip on the gnoll.
The gnoll hits you but does no damage.
You barely miss the gnoll.
The gnoll is moderately wounded.
The gnoll hits you with a +0 whip.
* * * LOW HITPOINT WARNING * * *
The gnoll hits you with a +0 whip.
* * * LOW HITPOINT WARNING * * *
The endoplasm freezes you.
You are frozen.
* * * LOW HITPOINT WARNING * * *
The gnoll hits you but does no damage.
You hit the endoplasm but do no damage. The gnoll hits you with a +0 whip.
You die...

♣...... ##...
♣...... .....
♣.....##...#
♣..........
.♣♣...>....# #..
..........# .....
......gg..####.....
....g.g♣....?......
.......J...........
..#....)..........
#...............
.............#### #
.(.#######....####.$
...
♣..(#............ ..
.(...#.............
...(W+.....##.......


You could see a gnoll bouda, 3 gnolls and an endoplasm.

Vanquished Creatures
  A hound (D:4)
  An orc priest (D:4)
  2 orc wizards (D:4)
  Robin (D:3)
  4 adders
  A gnoll (D:4)
  An ufetubus (D:4)
  A worm (D:2)
  2 dart slugs
  8 orcs
  6 endoplasms
  2 giant cockroaches
  10 goblins
  6 hobgoblins
  3 quokkas
  6 ball pythons
  4 bats
  2 frilled lizards
  5 kobolds
  8 rats
74 creatures vanquished.

Notes
Turn   | Place    | Note
-------+----------+-------------------------------------------
     0 | D:1      | LeprechaunX the Octopode Shapeshifter began the quest for
                  | the Orb.
     0 | D:1      | Reached XP level 1. HP: 13/13 MP: 1/1
    25 | D:1      | Found Osmeosmo's Armour Shop.
    59 | D:1      | Reached XP level 2. HP: 16/18 MP: 2/2
   587 | D:1      | Reached XP level 3. HP: 21/23 MP: 3/3
  1304 | D:3      | Reached XP level 4. HP: 26/29 MP: 4/4
  1424 | D:3      | Reached skill level 4 in Unarmed Combat
  1631 | D:3      | Found a burning altar of Makhleb.
  1906 | D:3      | Noticed Robin
  1910 | D:3      | Killed Robin
  1916 | D:3      | Reached XP level 5. HP: 34/34 MP: 5/5
  2297 | D:4      | Reached XP level 6. HP: 12/41 MP: 6/6
  2310 | D:4      | Found a runed translucent gate.
  2310 | D:4      | Found a runed translucent gate.
  2310 | D:4      | Found a runed translucent gate.
  2311 | D:4      | Noticed pigah's ghost (amateur OpSh)
  2327 | D:4      | HP: 1/61 [frozen (4)]
  2328 | D:4      | Slain by a gnoll

Illustrated notes

Levels and vault maps discovered:
D:1:      minmay_arrival_nine_rooms, layout_basic, serial_shops, shop_fountains,
          minmay_cupped
D:2:      layout_loops_cross
D:3:      layout_loops_ring, mainiacjoe_overflow_six_doors_small, uniq_robin
D:4:      layout_cave_pools, kennysheep_mini_moat, gup_sewer_entry_spiral,
          ebering_ghost_rock_garden, uniq_natasha

Skill      XL: |  1  2  3  4  5 |
---------------+----------------+-----
Unarmed Combat | 4 |  4.7
Fighting       | 2 |  2.6
Dodging        | 3 |  3.2
Shapeshifting  | |  3.7

Action                     |  1- 3 |  4- 6 || total
---------------------------+-------+-------++-------
  Melee: Unarmed           |    59 |    75 ||   134
         Constrict         |    13 |    21 ||    34
         Tentacles         |     8 |    15 ||    23
         Punch             |     1 |     3 ||     4
    Use: Potion            |       |     1 ||     1
   Stab: Sleeping          |    10 |     7 ||    17
 Armour: Skin              |     5 |     5 ||    10
  Dodge: Dodged            |    27 |    24 ||    51

Table legend: (Time is in decaauts)
 A = Elapsed time spent in this place.
 B = Non-inter-level travel time spent in this place.
 C = Inter-level travel time spent in this place.
 D = Time resting spent in this place.
 E = Time spent auto-exploring this place.
 F = Levels seen in this place.
 G = Mean time per level.
                   A        B        C        D        E       F      G
               +--------+--------+--------+--------+--------+-----+--------+
         Total |   2316 |   2245 |     71 |      0 |   1843 |   4 |  579.0 |
       Dungeon |   2316 |   2245 |     71 |      0 |   1843 |   4 |  579.0 |
               +--------+--------+--------+--------+--------+-----+--------+

Top non-repeatable levels by time:
     D:3: 878 daAuts
     D:1: 653 daAuts
     D:2: 637 daAuts
     D:4: 148 daAuts
